Map: Затон РВ

Players

Invoker

  • Race: Zerg Zerg
  • League: Diamond
  • Spawn Location: 5:00

CidHighwing - Winner!

  • Race: Terran Terran
  • League: Diamond
  • Spawn Location: 11:00

VOD

Have the link to the VOD?

Description

Time

  • Played on: May 9, 2018, 7:40 p.m.
  • Length: 21:46
Show
View Real Time Build Order
Export as new Build Order

Invoker Zerg 

Build Orders: Hatch First, Swarm Host 

Get SALT Encoding   

  12  0:02  Drone  
  13  0:12  Overlord  
  13  0:17  Drone  
  14  0:30  Drone x2  
  16  0:36  Drone  
  17  0:52  Drone  
  18  0:58  Hatchery  
  17  1:13  Spawning Pool  
  17  1:15  Drone, Extractor  
  16  1:19  Drone  
  16  1:22  Drone  
  18  1:28  Drone  
  19  2:00  Zergling x4  
  21  2:04  Overlord  
  21  2:09  Queen  
  21  2:10  Queen  
  21  2:13  Drone x2  
  27  2:16  Metabolic Boost  
  27  2:32  Drone x2  
  27  2:33  Drone  
  31  2:37  Drone  
  31  2:46  Queen  
  33  2:51  Drone  
  33  2:52  Drone  
  33  2:53  Overlord  
  35  3:09  Drone  
  35  3:11  Drone x2, Hatchery  
  38  3:20  Zergling x8  
  38  3:22  Zergling x2  
  42  3:30  Drone x2  
  42  3:32  Overlord  
  44  3:38  Lair  
  44  3:46  Overlord  
  44  3:52  Spore Crawler  
  43  3:55  Spore Crawler  
  43  3:56  Drone x4  
  46  4:06  Drone x5  
  51  4:16  Baneling Nest  
  50  4:17  Pneumatized Carapace  
  50  4:20  Extractor  
  50  4:21  Drone  
  50  4:22  Drone x2, Extractor  
  50  4:23  Drone  
  52  4:28  Queen  
  54  4:43  Zergling x6  
  54  4:44  Zergling x4  
  59  4:54  Drone x6  
  59  4:55  Overlord, Drone  
  59  4:59  Overlord  
  66  5:03  Centrifical Hooks  
  66  5:09  Evolution Chamber  
  66  5:11  Evolution Chamber  
  66  5:12  Baneling x2, Spore Crawler  
  66  5:13  Baneling  
  66  5:14  Baneling  
  63  5:27  Zergling x12  
  66  5:45  Zerg Melee Weapons Level 1  
  66  5:46  Zerg Ground Armor Level 1  
  66  5:49  Extractor  
  65  5:50  Drone x9  
  65  5:51  Extractor, Zergling x2  
  65  5:52  Zergling x4  
  65  5:55  Baneling x4  
  76  6:12  Overseer  
  76  6:15  Overlord, Hatchery  
  76  6:16  Overlord  
  75  6:21  Drone x4  
  75  6:24  Drone x2  
  81  6:31  Zergling x2  
  82  6:48  Infestation Pit  
  82  6:50  Spire  
  80  7:05  Hydralisk Den  
  79  7:08  Drone x2  
  79  7:09  Drone x5  
  79  7:10  Overlord x3, Drone  
  79  7:11  Overlord  
  87  7:16  Hatchery  
  83  7:46  Hydralisk  
  83  7:47  Hydralisk x14  
  83  7:48  Zergling x2  
  83  7:49  Zergling x2  
  109  7:56  Hive  
  109  7:57  Muscular Augments  
  109  8:06  Drone x5  
  109  8:08  Drone x2  
  116  8:16  Extractor  
  115  8:21  Extractor  
  114  8:30  Queen  
  116  8:34  Drone  
  116  8:35  Drone x6  
  123  8:51  Queen  
  125  8:58  Overlord  
  125  8:59  Overlord x6  
  125  9:06  Overlord x3  
  125  9:09  Grooved Spines  
  123  9:13  Viper, Spore Crawler  
  123  9:14  Viper x2  
  131  9:20  Greater Spire  
  131  9:22  Adrenal Glands  
  131  9:28  Zerg Missile Weapons Level 1  
  131  9:38  Overlord x3  
  131  9:40  Hatchery  
  130  10:07  Swarm Host  
  130  10:08  Swarm Host x11  
  130  10:09  Extractor  
  130  10:10  Extractor  
  142  10:26  Swarm Host x5  
  153  10:32  Zergling x6  
  153  10:33  Zergling x18  
  151  11:00  Zergling x2  
  151  11:01  Hydralisk x5, Zergling x12  
  151  11:02  Zergling x2  
  169  11:14  Swarm Host x7  
  190  11:29  Baneling x9  
  190  11:30  Hydralisk, Baneling x6  
  190  11:32  Hydralisk  
  194  11:55  Hydralisk x3  
  179  12:51  Hydralisk  
  179  12:52  Hydralisk x9  
  179  12:53  Zergling x2  
  200  13:22  Extractor  
  195  13:39  Zerg Ground Armor Level 2, Zerg Missile Weapons Level 2  
  195  13:54  Hydralisk x2  
  195  13:55  Zergling x2  
  200  14:06  Baneling  
  200  14:24  Overseer x4  
  194  15:02  Unknown  
  194  15:03  Unknown  
  162  15:09  Hydralisk x7  
  162  15:10  Hydralisk x19  
  162  15:11  Hydralisk  
  192  15:27  Viper x2  
  187  15:48  Hydralisk  
  187  15:49  Hydralisk x12  
  169  16:12  Hydralisk  
  169  16:13  Hydralisk x11  
  157  16:30  Corruptor x3  
  157  16:31  Corruptor x3  
  155  16:41  Corruptor x5  
  161  16:51  Corruptor  
  161  16:52  Corruptor x4  
  171  16:55  Zerg Flyer Weapons Level 1  
  171  17:06  Corruptor  
  171  17:07  Corruptor x4  
  176  17:33  Hatchery  
  175  17:38  Corruptor x4  
  183  17:57  Unknown  
  183  17:59  Unknown  
  163  18:06  Corruptor x3  
  134  18:31  Hydralisk x4, Zergling x8  
  134  18:32  Zergling x2  
  147  18:38  Hatchery  
  146  18:47  Hatchery  
  145  19:09  Drone x4, Extractor  
  151  19:10  Drone x5, Extractor  
  151  19:17  Hydralisk, Zergling x2  
  146  19:36  Corruptor x3  
  152  19:49  Drone x2  
  152  19:50  Drone  
  155  20:11  Corruptor  
  155  20:12  Corruptor  
  159  20:27  Hatchery  
  136  20:38  Corruptor x2  
  136  20:41  Queen  
  139  20:53  Extractor  
  138  20:59  Extractor  
Show
View Real Time Build Order
Export as new Build Order

CidHighwing Terran - Winner!

Build Orders: Mech 

Get SALT Encoding   

  12  0:01  SCV  
  13  0:15  SCV  
  14  0:21  Supply Depot  
  14  0:27  SCV  
  15  0:43  SCV  
  15  0:44  Barracks  
  16  0:55  SCV  
  17  1:07  SCV  
  18  1:18  Command Center  
  18  1:19  SCV  
  19  1:26  Refinery  
  19  1:30  Marine  
  19  1:31  SCV  
  21  1:36  Refinery  
  21  1:43  SCV  
  22  1:48  Marine  
  23  1:55  Orbital Command  
  23  2:06  Supply Depot  
  23  2:07  Barracks Tech Lab  
  23  2:13  Bunker  
  23  2:27  SCV  
  24  2:30  Orbital Command  
  24  2:40  Factory  
  24  2:43  SCV  
  25  2:47  Barracks Reactor  
  25  2:55  SCV  
  25  2:56  SCV  
  27  3:00  Factory  
  27  3:07  SCV  
  27  3:09  SCV  
  29  3:19  SCV  
  30  3:21  SCV  
  30  3:24  Siege Tank  
  34  3:31  SCV  
  34  3:33  SCV  
  36  3:36  Marine  
  37  3:44  SCV  
  37  3:45  Command Center  
  38  3:48  Infernal Pre-Igniter  
  38  3:51  SCV  
  38  3:52  Hellion  
  38  3:54  Marine  
  38  3:55  Hellion  
  44  3:57  SCV  
  45  4:04  SCV  
  46  4:11  Supply Depot  
  46  4:25  Supply Depot x3  
  46  4:33  Hellion x3, SCV x2  
  46  4:38  Armory  
  54  4:45  Armory  
  54  4:46  SCV x2  
  56  4:53  Barracks Tech Lab  
  56  4:54  Hellion x2  
  56  4:56  Orbital Command  
  56  4:58  SCV  
  61  5:05  SCV  
  62  5:10  SCV  
  62  5:13  Factory  
  63  5:19  Factory  
  55  5:33  SCV x3  
  59  5:44  Terran Vehicle Weapons Level 1  
  59  5:47  Terran Vehicle And Ship Armor Level 1  
  59  5:48  Hellbat x2  
  59  5:49  Hellbat  
  62  5:50  SCV x3  
  65  5:58  Command Center, Refinery  
  65  5:59  Refinery  
  65  6:00  Refinery  
  65  6:02  Refinery, SCV  
  65  6:03  Factory Tech Lab  
  66  6:10  Siege Tank  
  69  6:17  Hellbat  
  69  6:18  Hellbat  
  73  6:27  SCV x3  
  76  6:36  Engineering Bay  
  76  6:37  Thor  
  76  6:39  SCV  
  83  6:42  Thor  
  83  6:44  Hellbat x2  
  93  6:52  Hellbat, SCV x3  
  98  6:55  Supply Depot  
  98  6:56  Supply Depot  
  98  7:00  Supply Depot  
  98  7:04  SCV x2  
  98  7:05  Missile Turret  
  98  7:06  Missile Turret, Building Armor  
  100  7:15  Command Center  
  100  7:26  Missile Turret  
  100  7:28  Siege Tank x3  
  109  7:38  SCV x2  
  109  7:39  SCV  
  112  7:45  Supply Depot  
  112  7:48  Supply Depot x2  
  112  7:49  Supply Depot  
  112  7:51  SCV x3  
  115  8:00  Thor  
  115  8:03  SCV x2, Planetary Fortress  
  126  8:05  Siege Tank  
  126  8:06  Refinery  
  126  8:09  Refinery  
  126  8:13  Missile Turret  
  126  8:18  SCV x3  
  129  8:30  Missile Turret  
  129  8:31  Siege Tank  
  129  8:33  Missile Turret, Terran Vehicle And Ship Armor Level 2, Terran Vehicle Weapons Level 2  
  132  8:41  SCV x4  
  136  8:42  Starport  
  136  8:44  Starport  
  136  8:45  Missile Turret  
  136  8:49  Thor  
  136  8:50  Siege Tank  
  136  8:53  SCV x2  
  147  9:04  Supply Depot  
  147  9:07  Supply Depot  
  147  9:09  Supply Depot  
  147  9:17  Siege Tank  
  147  9:19  Supply Depot x2  
  147  9:20  Starport Reactor  
  147  9:21  Starport Tech Lab  
  147  9:22  Siege Tank  
  153  9:31  SCV x4  
  155  9:32  Siege Tank  
  155  9:33  Command Center x2  
  155  9:36  Widow Mine  
  162  9:40  Raven  
  162  9:43  SCV  
  165  10:04  Refinery, Siege Tank  
  165  10:06  Refinery  
  168  10:08  Viking x2  
  150  10:29  Viking  
  150  10:38  Viking  
  152  10:45  Command Center  
  150  10:53  SCV x4  
  154  11:05  Viking, Raven, SCV x4  
  154  11:07  Refinery, Siege Tank x2  
  154  11:08  Viking, Siege Tank  
  173  11:11  Terran Vehicle And Ship Armor Level 3  
  173  11:12  Terran Ship Weapons Level 1  
  173  11:17  SCV  
  174  11:20  Starport  
  174  11:21  Starport  
  174  11:24  Starport  
  174  11:25  Fusion Core  
  161  11:39  Siege Tank  
  164  11:40  Planetary Fortress  
  164  11:47  SCV x3  
  167  11:59  SCV  
  168  12:05  Starport Tech Lab x3  
  168  12:06  Viking x3  
  174  12:14  SCV x3  
  177  12:18  SCV  
  178  12:26  SCV x3  
  178  12:29  Starport  
  181  12:30  SCV  
  181  12:31  Starport  
  181  12:35  Starport  
  181  12:36  Starport  
  176  12:37  Starport  
  176  12:41  Starport  
  162  12:47  Battlecruiser x4  
  186  13:03  Siege Tank  
  186  13:04  Siege Tank x2  
  195  13:15  Orbital Command  
  195  13:20  Starport Tech Lab x5  
  195  13:21  Starport Tech Lab  
  195  13:24  Weapon Refit  
  195  13:26  Terran Ship Weapons Level 2  
  189  13:44  Command Center  
  185  13:48  Terran Vehicle Weapons Level 3  
  176  13:56  Battlecruiser  
  176  13:57  Battlecruiser  
  176  13:59  Hellion x4  
  176  14:00  Hellion  
  198  14:11  Command Center  
  198  14:20  Hellion  
  200  14:52  Command Center  
  174  15:08  Battlecruiser x4  
  174  15:09  Battlecruiser  
  174  15:12  Hellbat  
  174  15:13  Hellion  
  193  15:30  Battlecruiser  
  157  15:59  Battlecruiser x2  
  152  16:30  Battlecruiser  
  162  16:40  Hellion x5  
  168  16:48  Orbital Command  
  162  17:13  Viking x3  
  162  17:14  Viking  
  170  17:20  SCV  
  170  17:21  SCV x4  
  171  17:33  SCV  
  172  17:37  Hellion x4  
  172  17:38  Hellion  
  167  17:48  Viking x5  
  167  17:50  Viking  
  179  17:56  SCV x4  
  105  18:33  Viking x5  
  111  18:35  Battlecruiser  
  117  18:48  Refinery  
  117  18:49  Refinery  
  117  18:54  SCV x4  
  121  18:59  Battlecruiser  
  127  19:06  SCV x3  
  127  19:07  SCV  
  131  19:18  SCV x2  
  131  19:23  Battlecruiser  
  131  19:24  Battlecruiser  
  141  19:40  SCV x4  
  145  19:52  SCV  
  137  20:11  Battlecruiser x4  
  137  20:12  Refinery x2  
  143  20:44  Planetary Fortress  
  149  20:52  Hellion x4  
Tags
 
Add a new tag
Caveats
  • Supply blocks, unpowered buildings, or Contaminate may cause inaccurate times.
  • Supply counts are checked every 10 seconds.